[Event "*** Titled Tuesday Blitz"]
[Site "Chess.com"]
[Date "2019.02.05"]
[Round "7"]
[White "r31415"]
[Black "Caisachess"]
[Result "1-0"]
[WhiteElo "2293"]
[BlackElo "2350"]
[TimeControl "180+2"]
[EndTime "14:40:44 PST"]
[Termination "r31415 won by resignation"]

1. e4 e5 2. Nf3 Nc6 3. Bc4 Bc5 4. c3 Nf6 5. d3 d6 6. Bb3 h6 7. Nbd2 O-O 8. O-O Ne7 9. Re1 Ng6 10. Nf1 Bb6 11. Ng3 c6 12. d4 Bg4 13. h3 Bxf3 14. Qxf3 exd4 15. Nf5 dxc3 16. Qxc3 d5 17. e5 Ne4 18.
Rxe4 dxe4 19. Bxh6 gxh6 20. e6 Ne5 21. Qg3+ Qg5 22.
Qxe5 fxe6 23. Bxe6+ Kh7 24. Qxe4 Qg6 25. Rd1 Rae8 26.
Rd7+ Kh8 27. Qe5+ Rf6 28. Ne7 Bxf2+ 29. Kh2 Qg7 30. Nf5 Qg6 31. Ne7 Qg7 32. Nf5 Qg6 33.
Ne7 Qg7 34. Nd5 Rexe6 35. Qb8+ Kh7 36. Nxf6+ Rxf6 37. Rxg7+ Kxg7 38. Qxb7+ Rf7 39. Qxc6 Bd4 40. b3 Be5+ 41. Kg1 Bd4+ 42. Kh2 Be5+ 43. g3 Rf2+ 44. Kg1 Bxg3 45. Qc3+ Kg6 46. Qxg3+ 1-0

[Event "*** Titled Tuesday Blitz"]
[Site "Chess.com"]
[Date "2019.02.05"]
[Round "7"]
[White "Saitama_Hero"]
[Black "NotFischer"]
[Result "1-0"]
[WhiteElo "2226"]
[BlackElo "2119"]
[TimeControl "180+2"]
[EndTime "14:40:50 PST"]
[Termination "Saitama_Hero won by resignation"]

1. d4 Nf6 2. Nf3 e6 3. Bg5 d5 4. c3 Nbd7 5. Nbd2 c5 6. e3 Be7 7. Bd3 h6 8. Bh4 O-O 9. O-O b6 10. a3 Bb7 11. b4 cxd4 12. cxd4 Rc8 13. Qa4 Qc7 14. Rfc1 Qxc1+ 15. Rxc1 Rxc1+ 16. Nf1 Ra8 17. Ne5 Nf8 18. Bb5 g5 19. Bg3 Ne4 20. Nd3 Rcc8 21. f3 Nxg3 22. hxg3 a6 23. Ne5 axb5 24. Qxb5 Ba6 25.
Qxb6 Rc1 26. b5 Rb1 27. Qc7 Bxb5 28. Qxe7 Rxf1+ 29. Kh2 Be8 30. Ng4 Nd7 31. Nxh6+ Kg7 32. Qxg5+ Kf8 33. Qg8+ Ke7 34. Nxf7 Ra1 35. Ng5 R1xa3 36.
Qxe6+ Kd8 37. Qxd5 R3a5 38. Qe4 R8a6 39. Ne6+ Kc8 40.
Nc5 Rh6+ 41. Kg1 Ra1+ 42. Kf2 Ra2+ 43. Kf1 Rh8 44. Qc6+ Kd8 45. Nb7+ Ke7 46. Qd6+ Kf7 47. Qd5+ Kg7 48. Qxa2 Rh1+ 49. Kf2 Nf6 50. Nd6 Bd7 51. Qa5 Rc1 52. Qg5+ Kf8 53. Qxf6+ 1-0

[Event "*** Titled Tuesday Blitz"]
[Site "Chess.com"]
[Date "2019.02.05"]
[Round "7"]
[White "Godzillator"]
[Black "Angry_Serb"]
[Result "0-1"]
[WhiteElo "2383"]
[BlackElo "2535"]
[TimeControl "180+2"]
[EndTime "14:40:54 PST"]
[Termination "Angry_Serb won by resignation"]

1. d4 Nf6 2. c4 g6 3. Nc3 d5 4.
Nf3 Bg7 5. h4 c6 6. cxd5 cxd5 7.
Bf4 Nc6 8. e3 Bg4 9. Qb3 Na5 10.
Bb5+ Bd7 11. Qa4 O-O 12. Bxd7 Nxd7 13. Nxd5 e5 14. dxe5 Nxe5 15. Bxe5 Bxe5 16. Nxe5 Qxd5 17. Nf3 Rac8 18. h5 Rc4 19. Qd1 Qf5 20. hxg6 hxg6 21.
Rc1 Rfc8 22. Rxc4 Nxc4 23. b3 Nb2 24. Qa1 Rc1+ 25. Qxc1 Nd3+ 26. Kd2 Nxc1 27. Rxc1 Qg4 28. Ne1 Qg5 29. Rc2 Kg7 30. g3 Qb5 31. Nd3 Qa5+ 32.
b4 Qa3 33. Ke2 b6 34. Kd2 g5 35. f4 g4 36. Ke2 Qa4 37. Rd2 Qb5 38. Kf2 Qd5 39.
Ke1 Qh1+ 40. Ke2 Qf3+ 41. Ke1 Qxe3+ 42. Kd1 Qxg3 43. Kc2 Qf3 44. Rf2 Qe4 45. Kd2 g3 46.
Re2 Qf3 47. Re3 Qg2+ 48. Re2 Qf1 49. Ne1 Qxf4+ 50. Kd1 Qxb4 51. Rg2 Qc3 52. Rc2 Qe3 53. Re2 Qa3 54. Rd2 f5 55. Ke2 f4 56. Nd3 Qe7+ 57. Kf1 Qe3 58. Rd1 0-1

[Event "*** Titled Tuesday Blitz"]
[Site "Chess.com"]
[Date "2019.02.05"]
[Round "7"]
[White "Ginger_GM"]
[Black "GadimbayliA"]
[Result "0-1"]
[WhiteElo "2608"]
[BlackElo "2817"]
[TimeControl "180+2"]
[EndTime "14:40:55 PST"]
[Termination "GadimbayliA won by resignation"]

1. d4 Nf6 2. c4 e5 3. dxe5 Ng4 4. e4 Nxe5 5. f4 Nec6 6. Be3 g6 7. Nc3 Bg7 8. Nf3 O-O 9. Qd2 d6 10. O-O-O Re8 11.
h4 Bg4 12. h5 gxh5 13. Be2 Nd7 14. Nh4 Bxc3 15. bxc3 Rxe4 16. Bxg4 hxg4 17. Qd3 Qe8 18. Nf5 Qe6 19. Rh5 Nf6 20. Rg5+ Kf8 21. Bd4 Rxf4 22.
Nh6 Nxd4 23. cxd4 c5 24. d5 Qe4 25. Qxe4 Rxe4 26. Rf1 Rxc4+ 27. Kb1 Ke7 28. Rgf5 Ne8 29. Rxf7+ Kd8 30. Rxh7 Rb4+ 31. Ka1 Rc8 32. Rf8 Re4 33.
Nf7+ Ke7 34. Rxe8+ Rxe8 35. Ng5+ Kf6 36. Nxe4+ Rxe4 37. Rxb7 Re2 38. Rxa7 Rxg2 39. a4 Ke5 40. Rg7 Kxd5 41.
a5 Rh2 42. Rxg4 Kc6 43. a6 Rh8 44. Ra4 Ra8 45. Kb2 Kb5 46. Ra1 Rxa6 47. Rg1 d5 48.
Kc3 d4+ 49. Kd3 Ra3+ 50. Kc2 Kc4 51. Rg7 Ra2+ 52. Kb1 Rh2 53. Rg8 Kc3 54. Ka1 d3 0-1

[Event "*** Titled Tuesday Blitz"]
[Site "Chess.com"]
[Date "2019.02.05"]
[Round "7"]
[White "JosefineHeinemann"]
[Black "Bayernbk"]
[Result "0-1"]
[WhiteElo "2396"]
[BlackElo "2455"]
[TimeControl "180+2"]
[EndTime "14:40:56 PST"]
[Termination "Bayernbk won by checkmate"]

1. e4 c6 2. d4 d5 3. e5 Bf5 4. Nf3 e6 5. Be2 Nd7 6. O-O Ne7 7. Nbd2 Nc8 8. Nb3 Be7 9. a4 O-O 10. a5 c5 11. c3 c4 12. Nbd2 b5 13. b4 cxb3 14.
Bxb5 Rb8 15. Bxd7 Qxd7 16. Nxb3 Qb5 17. Nbd2 a6 18. Ba3 Bxa3 19. Rxa3 Na7 20. Nb3 Nc6 21. Nc5 Nxa5 22. Qa1 Nb7 23. Nxa6 Rbc8 24. Nh4 Bd3 25. Rd1 h6 26. Nf3 Be2 27. Rb1 Qd7 28. Qb2 Bxf3 29. gxf3 Qe7 30. Rb3 Na5 31. Rb5 Nc4 32. Qc1 Ra8 33.
Nc5 Qh4 34. Rb7 Ra2 35. Qe1 Nd2 36. Qe3 Nxb1 37. Rxb1 Qh5 38. Re1 Rb8 39. Nd3 Qg5+ 40.
Qxg5 hxg5 41. Nb4 Ra3 42. Nc6 Rb6 43. Nb4 Rxc3 44. Na2 Rc4 45. Rd1 Ra6 46. Rd2 Ra3 47. Kg2 Kh7 48. Kg3 Kg6 49. h3 Raa4 50. Re2 Rxd4 51.
Nc3 Rab4 52. Re3 Rb3 53. Nxd5 Rxe3 54. Nxe3 Ra4 55. Ng4 Kf5 56. h4 gxh4+ 57. Kxh4 Kf4 58. Nh2 Ra5 59. Kh3 Rxe5 60. Ng4 Rh5+ 61. Kg2 Rg5 62. Kh3 Rxg4 63. fxg4 Kf3 64. Kh4 Kxf2 65. g5 e5 66. g6 fxg6 67. Kg5 e4 68. Kxg6 e3 69. Kxg7 e2 70. Kg6 e1=Q 71. Kh5 Qe3 72. Kg4 Qf3+ 73. Kg5 Ke3 74. Kh4 Qf4+ 75. Kh5 Qg3 76. Kh6 Kf4 77. Kh7 Kf5 78. Kh8 Kf6 79. Kh7 Qg7# 0-1

[Event "*** Titled Tuesday Blitz"]
[Site "Chess.com"]
[Date "2019.02.05"]
[Round "7"]
[White "murmah2003"]
[Black "Pilopa"]
[Result "1-0"]
[WhiteElo "2655"]
[BlackElo "2477"]
[TimeControl "180+2"]
[EndTime "14:41:01 PST"]
[Termination "murmah2003 won by checkmate"]

1. d4 Nf6 2. Nf3 g6 3. c4 Bg7 4. Nc3 d5 5. Bg5 Ne4 6. Bh4 Nxc3 7. bxc3 c5 8. e3 O-O 9. cxd5 cxd4 10. cxd4 Qxd5 11.
Be2 Nc6 12. O-O b6 13. Rc1 Bb7 14. Bc4 Qd7 15. Qa4 a6 16. Qa3 b5 17. Bb3 e6 18.
Rfd1 Rfc8 19. d5 exd5 20. Bxd5 Ne5 21. Nxe5 Bxe5 22. Bf3 Rxc1 23. Qxc1 Rc8 24. Qb1 Qc7 25. Bxb7 Qxb7 26. f4 Bg7 27. e4 h6 28. e5 Kh7 29. h3 Rc4 30. Bg3 Qb6+ 31. Kh2 Qe3 32. Rd3 Qe4 33. Qd1 h5 34. Rd7 Qf5 35. Ra7 h4 36.
Bxh4 Qxf4+ 37. Bg3 Qf5 38. Qd5 Rf4 39. Rxa6 Bxe5 40. Ra7 Kg7 41. Rxf7+ Qxf7 42. Qxe5+ Qf6 43. Qxf4 Qxf4 44. Bxf4 Kf6 45. g4 Ke6 46. Kg3 Kd5 47. h4 Kc4 48. h5 Kb4 49. hxg6 Ka3 50. g7 Kxa2 51. g8=Q+ Ka3 52. Bd6+ b4 53. Qc4 Ka4 54. Qxb4# 1-0

[Event "*** Titled Tuesday Blitz"]
[Site "Chess.com"]
[Date "2019.02.05"]
[Round "7"]
[White "PowerThinking2650"]
[Black "CzechmVIII"]
[Result "1/2-1/2"]
[WhiteElo "2250"]
[BlackElo "2112"]
[TimeControl "180+2"]
[EndTime "14:41:02 PST"]
[Termination "Game drawn - insufficient material"]

1. e4 c5 2. Nf3 d6 3. d4 cxd4 4. Nxd4 Nf6 5. Nc3 g6 6. Bc4 Bg7 7. Be3 O-O 8. f3 Nc6 9. Qd2 Bd7 10.
Bb3 Rc8 11. O-O-O Ne5 12. h4 h5 13. Bg5 Rc5 14. Kb1 a5 15. a4 Qb6 16. Ncb5 Bxb5 17.
Nxb5 Rxb5 18. axb5 Qxb5 19. f4 Nxe4 20. Qd5 Qxd5 21. Bxd5 Nxg5 22. fxe5 Ne6 23. exd6 exd6 24. Bxe6 fxe6 25. Rxd6 Rf2 26. Rxe6 Rxg2 27. Re7 a4 28. Rxb7 a3 29. bxa3 Rg4 30. Rb4 Rg3 31. Rb3 Rg4 32. Rd1 Rxh4 33. Rb8+ Kh7 34. Rb7 Kh6 35. Rdd7 Bf6 36. Ka2 Rh1 37. a4 h4 38. Kb3 h3 39.
Rh7+ Kg5 40. a5 Bd4 41. Kc4 Be5 42. a6 h2 43. Rb5 Kf6 44. Ra5 Rc1 45. Rxh2 Bxh2 46.
c3 Bg1 47. a7 Bxa7 48. Rxa7 Re1 49. Kc5 g5 50. c4 g4 51. Kc6 Kf5 52. Rf7+ Kg5 53.
Rg7+ Kh4 54. Rh7+ Kg3 55. c5 Kg2 56. Kd7 g3 57. Rh6 Rc1 58. c6 Kg1 59. c7 Rxc7+ 60. Kxc7 g2 61. Kd6 Kf1 62. Rf6+ Ke2 63. Rg6 Kf1 64. Rf6+ Ke2 65. Rg6 Kf1 66. Ke5 g1=Q 67. Rxg1+ Kxg1 1/2-1/2

[Event "*** Titled Tuesday Blitz"]
[Site "Chess.com"]
[Date "2019.02.05"]
[Round "7"]
[White "Synctel"]
[Black "politeplayer"]
[Result "1-0"]
[WhiteElo "1922"]
[BlackElo "2012"]
[TimeControl "180+2"]
[EndTime "14:41:06 PST"]
[Termination "Synctel won by resignation"]

1. d4 Nf6 2. Nf3 c5 3. e3 e6 4. Bd3 d5 5. c3 b6 6. Nbd2 Bd6 7. O-O O-O 8. Qe2 Bb7 9. dxc5 Bxc5 10. e4 dxe4 11. Nxe4 Nxe4 12. Bxe4 Bxe4 13. Qxe4 Nd7 14. Bg5 Qc7 15. Rad1 h6 16. Bf4 Qc8 17. h4 Nf6 18.
Qe2 Qb7 19. Ne5 Rad8 20. Ng4 Nxg4 21. Qxg4 Rxd1 22. Rxd1 Qe4 23. Qg3 Kh8 24. Rd7 Qe1+ 25. Kh2 Bxf2 26. Qg4 Qg1+ 27. Kh3 Qh1+ 28. Bh2 Bg1 29.
Qg3 h5 30. Rd1 Qxh2+ 31. Qxh2 Bxh2 32. Kxh2 Kg8 33. Rd7 Ra8 34. Kg3 g6 35. Kf4 Kg7 36.
Ke5 a6 37. Rb7 b5 38. b3 Rd8 39. Rb6 Rd2 40. Rxa6 Rxg2 41. c4 bxc4 42. bxc4 g5 43.
c5 gxh4 44. Rb6 h3 45. Rb3 h2 46. Rh3 Rxa2 47. Rxh5 Ra5 48. Kd6 Ra6+ 49. c6 Kf6 50.
Rxh2 Kg5 51. Kd7 f5 52. c7 Ra7 53. Kd8 Ra8+ 54. c8=Q Rxc8+ 55. Kxc8 Kg4 56. Kd7 e5 57. Ke6 e4 58. Rf2 f4 59. Ke5 f3 60. Kxe4 Kg3 61. Rxf3+ 1-0

[Event "*** Titled Tuesday Blitz"]
[Site "Chess.com"]
[Date "2019.02.05"]
[Round "7"]
[White "saraswathii"]
[Black "Lagravesamuell"]
[Result "0-1"]
[WhiteElo "2271"]
[BlackElo "2490"]
[TimeControl "180+2"]
[EndTime "14:41:07 PST"]
[Termination "Lagravesamuell won by resignation"]

1. d4 Nf6 2. Bf4 d5 3. e3 c5 4. c3 Nc6 5. Nd2 Qb6 6. Qb3 c4 7. Qc2 g6 8. Ngf3 Bf5 9. Qc1 Bg7 10. Be2 O-O 11. O-O Qa5 12. Ne5 Nxe5 13. Bxe5 b5 14.
Bf3 Rfd8 15. Bxf6 Bxf6 16. e4 dxe4 17. Bxe4 Bxe4 18. Nxe4 Bg7 19. Qg5 Qb6 20. Rfe1 Re8 21. Nc5 e6 22. Re4 b4 23. Qd2 a5 24. Rae1 Rad8 25. Qe2 Qb5 26. h4 Rd5 27. a4 bxa3 28.
bxa3 Bf8 29. a4 Qc6 30. Qxc4 Bxc5 31. dxc5 Rxc5 32. Qd4 Rxc3 33. Re5 Rc4 34. Qd2 Rxa4 35. h5 Rg4 36. f4 a4 37. f5 Qb6+ 38. Kh2 Rd8 39. Qe2 gxf5 40. g3 a3 41. h6 Qb2 42.
Qxb2 axb2 43. R5e2 Rb8 44. Rb1 Rgb4 45. Kg2 R8b5 46.
Kf3 Kf8 47. Ke3 Re4+ 48. Kf3 Rxe2 49. Kxe2 Ke7 0-1

[Event "*** Titled Tuesday Blitz"]
[Site "Chess.com"]
[Date "2019.02.05"]
[Round "7"]
[White "CaptainCasanova"]
[Black "kuli4ik"]
[Result "1-0"]
[WhiteElo "2793"]
[BlackElo "2837"]
[TimeControl "180+2"]
[EndTime "14:41:09 PST"]
[Termination "CaptainCasanova won by resignation"]

1. d4 d5 2. c4 c6 3. Nf3 Nf6 4. e3 Bf5 5. Nc3 e6 6. Nh4 Be4 7. f3 Bg6 8. Qb3 Qc7 9. Bd2 a6 10. cxd5 cxd5 11. Nxg6 hxg6 12. O-O-O b5 13. Kb1 Nbd7 14.
Rc1 Qb8 15. h4 Be7 16. g4 Nb6 17.
Bd3 Nc4 18. Qc2 Nd7 19. h5 gxh5 20. gxh5 Ndb6 21. e4 Bf6 22. e5 Be7 23. Rcg1 Bf8 24. f4 Qc7 25. f5 O-O-O 26. Bg5 Rd7 27. h6 Kb7 28. hxg7 Rxh1 29. gxf8=Q Rxg1+ 30. Bc1 b4 31. Qxb4 Ka7 32. fxe6 fxe6 33. b3 a5 34. Nb5+ Kb7 35. Nxc7 axb4 36. bxc4 dxc4 37. Nxe6 cxd3 38. Nc5+ Kc6 39.
Qxd3 Rf7 40. Kc2 Rf2+ 41. Bd2 Rgg2 42. Ne4 Re2 43. e6 Kd5 44. e7 Rxe4 45. Qxe4+ Kxe4 46. e8=Q+ Kxd4 47. Qd8+ Nd5 48. Qd6 Re2 49. Kd1 Rg2 50. Bxb4 Rxa2 51. Qc5+ Ke5 52. Bc3+ Ke4 53. Qc4+ Ke3 54.
Qxd5 1-0

[Event "*** Titled Tuesday Blitz"]
[Site "Chess.com"]
[Date "2019.02.05"]
[Round "7"]
[White "David_Klein"]
[Black "LucaBrasi1968"]
[Result "1-0"]
[WhiteElo "2596"]
[BlackElo "2448"]
[TimeControl "180+2"]
[EndTime "14:41:11 PST"]
[Termination "David_Klein won by resignation"]

1. b3 d5 2. Bb2 Bg4 3. c4 c6 4. Nf3 Bxf3 5. gxf3 e6 6. e3 Nf6 7.
Nc3 g6 8. d4 Bd6 9. f4 Nbd7 10.
Be2 Qe7 11. Qc2 a6 12. Bf3 Bb4 13. a3 Bd6 14. c5 Bc7 15. b4 O-O 16. h4 b6 17. Ne2 a5 18. Rb1 axb4 19. axb4 b5 20. h5 Kg7 21. Kf1 Rg8 22. Ng3 Kf8 23. Bc3 Ke8 24. Ke2 Kf8 25. hxg6 hxg6 26. Ra1 Kg7 27. Qb2 Rgb8 28. Qb1 Qd8 29. Qg1 Rxa1 30. Bxa1 Ra8 31. Bc3 Ra3 32. Bd2 Kf8 33. Rh8+ Ng8 34. f5 Qf6 35. Qh1 exf5 36. Qh7 Qxh8 37. Qxh8 Ra2 38. Qh1 f4 39. Nf1 Ngf6 40. Qh8+ Ng8 41. Kd3 Nf6 42. Qh3 Ne7 43. Qh6+ Kg8 44. Qg5 Kg7 45. Kc3 Nf5 46. Kb3 Ra1 47. Nh2 Rb1+ 48. Kc2 Ra1 49. Ng4 Bd8 50. Nxf6 Bxf6 51. Qxf4 Ra2+ 52. Kc1 Ra1+ 53.
Kb2 Ra4 54. Qc7 Bxd4+ 55. exd4 1-0

[Event "*** Titled Tuesday Blitz"]
[Site "Chess.com"]
[Date "2019.02.05"]
[Round "7"]
[White "HrvojeZagreb"]
[Black "m3alam"]
[Result "0-1"]
[WhiteElo "2099"]
[BlackElo "2156"]
[TimeControl "180+2"]
[EndTime "14:41:16 PST"]
[Termination "m3alam won by resignation"]

1. d4 c6 2. Bf4 d5 3. c4 dxc4 4. e3 Be6 5. a4 a5 6. Nd2 Qb6 7. Qc2 Qb4 8. Nf3 Nd7 9. Bxc4 Bxc4 10. Qxc4 e6 11. O-O Ngf6 12. Ne5 Nxe5 13. Bxe5 Nd5 14. Rfd1 f6 15. Bg3 Qxc4 16. Nxc4 Bb4 17. Nd6+ Kd7 18. Nxb7 h5 19. h4 g5 20. Nc5+ Ke7 21. e4 Nb6 22. b3 Rhg8 23. Rac1 Rac8 24. Rc2 gxh4 25. Bxh4 Rg4 26. g3 Bxc5 27. dxc5 Nd7 28. f3 Rgg8 29. Kf2 Ne5 30. Rcd2 Rb8 31. Rb1 Rb4 32. f4 Ng4+ 33. Kf3 Rgb8 34. Rd3 e5 35. Ke2 Rxa4 36. bxa4 Rxb1 37. Kd2 Rb4 38. Rd6 Rxa4 39. fxe5 Rxe4 40. exf6+ Kf7 41. Rxc6 Re6 42. Rc7+ Kf8 43. f7 Ne5 44. Ra7 Rc6 45. Rxa5 Nc4+ 46. Kc3 Nxa5 47. Kb4 Nb7 48. Kb5 Rg6 49. c6 Nd6+ 50. Kb6 Nxf7 51. Kb7 Nd6+ 52. Kb8 Kf7 53. c7 Rg8+ 54. Ka7 Rc8 55.
Bd8 Ke6 56. Kb6 Kd7 57. Kc5 Ne8 58. Kb6 Nxc7 59. Bxc7 Rxc7 0-1

[Event "*** Titled Tuesday Blitz"]
[Site "Chess.com"]
[Date "2019.02.05"]
[Round "7"]
[White "gmjlh"]
[Black "josmito10"]
[Result "0-1"]
[WhiteElo "2701"]
[BlackElo "2746"]
[TimeControl "180+2"]
[EndTime "14:41:19 PST"]
[Termination "josmito10 won on time"]

1. e4 c5 2. Nf3 Nc6 3. Bb5 d6 4. Bxc6+ bxc6 5. O-O Bg4 6. d3 e6 7. Nbd2 Ne7 8. h3 Bh5 9. e5 Nd5 10. Nc4 Be7 11. Re1 O-O 12. Bd2 Rb8 13. Ba5 Qd7 14.
exd6 Bxf3 15. Qxf3 Bxd6 16. Nxd6 Qxd6 17. b3 e5 18. Re4 f6 19. Rae1 Nb4 20. Bxb4 cxb4 21. Rc4 Rb6 22. h4 Qd5 23. Qg3 c5 24. h5 h6 25. Rg4 Rb7 26. Rg6 Kh7 27. Re4 a5 28.
Rxh6+ gxh6 29. Qg6+ Kh8 30. Qxh6+ Kg8 31. Rg4+ Kf7 32.
Rg7+ Ke8 33. Qg6+ Kd8 34. h6 Rxg7 35. hxg7 Rg8 36. Qxf6+ Kd7 37. Qf8 Qe6 38. Qxc5 Ke8 39. Qc7 Qe7 40. Qxa5 Qxg7 41. g3 Qe7 42. Qa8+ Kf7 43.
Qf3+ Qf6 44. Qb7+ Kg6 45. Qxb4 Rf8 46. Qe4+ Qf5 47. Qe1 Qf3 48. a4 Kf6 49. Qb4 Kg5 50.
Qc5 Kg4 0-1

[Event "*** Titled Tuesday Blitz"]
[Site "Chess.com"]
[Date "2019.02.05"]
[Round "7"]
[White "BvsN"]
[Black "cool4chess"]
[Result "0-1"]
[WhiteElo "2296"]
[BlackElo "2317"]
[TimeControl "180+2"]
[EndTime "14:41:20 PST"]
[Termination "cool4chess won by resignation"]

1. d4 d5 2. c4 c6 3. Nc3 dxc4 4. e4 b5 5. a4 b4 6. Nce2 Nf6 7.
Ng3 Ba6 8. Nf3 e6 9. Be2 Nbd7 10. O-O Be7 11. Bg5 O-O 12. e5 Nd5 13. Bxe7 Qxe7 14.
Ne4 c5 15. Rc1 cxd4 16. Bxc4 Bb7 17. Qxd4 N7b6 18. Bb3 Nf4 19. Rfe1 Rad8 20. Nf6+ Qxf6 21. exf6 Rxd4 22. Nxd4 Nd3 23. Rc7 Nxe1 24. Rxb7 gxf6 25. a5 Nc8 26. Nxe6 fxe6 27. Bxe6+ Kh8 28. Rb8 Nd3 29. Rxc8 Rxc8 30. Bxc8 Nxb2 31. Kf1 Nc4 32. Ke2 Nxa5 33. Kd3 Nc6 34. Bb7 Ne5+ 35. Kd4 Kg7 36. f4 Nf7 37. Bd5 Nd6 38. Kc5 Nf5 39. Kxb4 Ne3 40. Bf3 Kg6 41. Ka5 Nf1 42. h3 Kf5 43. Ka6 Kxf4 44. Kxa7 Ne3 45. Kb6 Kg3 46. Be4 f5 47. Bd3 h5 48.
Kc5 f4 49. Kd4 Nxg2 50. Kc3 Kxh3 51. Kd2 Kg3 52. Ke2 Ne3 53. Be4 h4 54. Bc6 Ng2 55.
Kf1 f3 56. Bd5 h3 57. Kg1 f2+ 58.
Kf1 Ne3+ 59. Ke2 f1=Q+ 60. Kxe3 Qf2+ 61. Ke4 Qg2+ 62. Ke5 Qxd5+ 63. Kxd5 h2 0-1

[Event "*** Titled Tuesday Blitz"]
[Site "Chess.com"]
[Date "2019.02.05"]
[Round "7"]
[White "Alexander_Donchenko"]
[Black "Annawel"]
[Result "1-0"]
[WhiteElo "2688"]
[BlackElo "2913"]
[TimeControl "180+2"]
[EndTime "14:41:22 PST"]
[Termination "Alexander_Donchenko won by resignation"]

1. Nf3 d6 2. d4 g6 3. g3 Bg7 4.
Bg2 Nf6 5. O-O O-O 6. b3 a5 7. c4 a4 8. Bb2 c5 9. dxc5 dxc5 10.
Na3 Qb6 11. Nb5 Rd8 12. Qc1 Bd7 13. Rd1 Nc6 14. Bc3 Na5 15. bxa4 Nxc4 16. Bxf6 Bxf6 17.
Qxc4 Be6 18. Qc2 Bxa1 19. Rxa1 Qa5 20. Nc3 f6 21. Nd2 Rd7 22. Rb1 Rad8 23. Nb3 Qb4 24. Ne4 Bf5 25. Bf3 b6 26. Kg2 Qxa4 27. g4 Be6 28. Rb2 c4 29. Nd4 Qxc2 30. Nxc2 f5 31. gxf5 gxf5 32. Ng5 Bd5 33. Rxb6 Ra8 34. a3 Rc8 35.
Rb5 Bxf3+ 36. Nxf3 e6 37. Rb6 Kf7 38. Ne5+ Ke7 39.
Nxd7 Kxd7 40. Kf3 Rc5 41. Ke3 Re5+ 42. Kd2 Re4 43. Rb7+ Kc6 44. Rxh7 c3+ 45. Kd3 Kd5 46. f3 Ra4 47. e4+ fxe4+ 48. fxe4+ Ke5 49. Rh5+ Kf4 50. Kxc3 Ra8 51. Rh4+ Ke5 52. Kd3 Rc8 53. Nb4 Kd6 54. Kd4 e5+ 55. Kd3 Ra8 56. Nc2 Kc5 57. Rh7 Rd8+ 58.
Kc3 Rg8 59. a4 Rg2 60. Rd7 Rxh2 61. Rd5+ Kb6 62. Rxe5 Rg2 63. Nd4 Rg1 64. Kb4 Rb1+ 65. Nb3 Re1 66. Re6+ Kc7 67. a5 Kd7 68. Nc5+ Kc7 69.
a6 Rb1+ 70. Kc4 Kb8 71. Kd5 Ka7 72. e5 Rd1+ 73. Kc6 Rd8 74. Rd6 Rc8+ 75. Kd5 Re8 76. e6 Rh8 77. e7 Rh5+ 78. Kc6 Rh7 79. Rd7+ 1-0

[Event "*** Titled Tuesday Blitz"]
[Site "Chess.com"]
[Date "2019.02.05"]
[Round "7"]
[White "nubair1198"]
[Black "Jbd735"]
[Result "1-0"]
[WhiteElo "2655"]
[BlackElo "2464"]
[TimeControl "180+2"]
[EndTime "14:41:23 PST"]
[Termination "nubair1198 won by resignation"]

1. Nf3 d5 2. g3 Nf6 3. Bg2 c6 4.
O-O Bf5 5. c4 e6 6. b3 Be7 7. Bb2 h6 8. d3 O-O 9. Nbd2 Bh7 10.
Re1 a5 11. a3 Na6 12. Ne5 Nd7 13. Nxd7 Qxd7 14. Nf3 Rfd8 15. Ne5 Qc7 16. d4 dxc4 17.
bxc4 Nc5 18. e4 f6 19. Nd3 Nxd3 20. Qxd3 e5 21. d5 Bc5 22. Re2 a4 23. Bh3 Kh8 24.
Rc1 Qb6 25. Kg2 Qb3 26. Rc3 Qb6 27. Rc1 Qb3 28. Qxb3 axb3 29. Rc3 Bxa3 30. Rxb3 Bxb2 31.
Rbxb2 b5 32. dxc6 bxc4 33. c7 Rf8 34. Be6 c3 35. Rbc2 Bg8 36. Bxg8 Kxg8 37. Rxc3 Rfc8 38. Rd2 Kf7 39. Rd7+ Kg6 40. g4 Ra7 41. h4 Rb7 42. Kg3 Ra7 43. Rc6 Ra3+ 44. Kg2 Ra7 45. Re7 Rb7 46.
Rc3 Ra7 47. Kf3 Rb7 48. Rd7 Ra7 49. h5+ Kh7 50. Ke3 Kg8 51. Kd3 Kh7 52. Rc6 Rb7 53.
Kc4 Ra7 54. Kd5 Rb7 55. Kd6 Rb4 56. Rd8 Rd4+ 57. Ke7 Rxc7+ 58. Rxc7 Rxe4 59. Rcc8 1-0

[Event "*** Titled Tuesday Blitz"]
[Site "Chess.com"]
[Date "2019.02.05"]
[Round "7"]
[White "MatthewG-p4p"]
[Black "Jospem"]
[Result "1-0"]
[WhiteElo "2691"]
[BlackElo "2864"]
[TimeControl "180+2"]
[EndTime "14:41:25 PST"]
[Termination "MatthewG-p4p won by checkmate"]

1. c4 Nf6 2. Nc3 e5 3. g3 Bb4 4. Bg2 O-O 5. Qc2 Nc6 6. e3 Bxc3 7. Qxc3 d5 8. Nf3 Ne4 9. Qa3 dxc4 10. O-O Nd6 11. b3 Be6 12. Bb2 f6 13. Rac1 Qd7 14.
Rfd1 e4 15. Nd4 Nxd4 16. exd4 cxb3 17. axb3 c6 18. d3 Bd5 19. dxe4 Bxe4 20. f3 Bd5 21. Re1 Rfe8 22. Qc5 b6 23. Qc2 Nf7 24. h4 Rxe1+ 25. Rxe1 Re8 26. Rxe8+ Qxe8 27. Kf2 a5 28. Bh3 Nd6 29. Ba3 Nb5 30. Bb2 Qf7 31. Bf5 g6 32. Bd3 Nc7 33. Ba3 Ne6 34. Qc3 Qd7 35. Bc1 Ng7 36. Bf4 Nh5 37. Bb8 Qh3 38. Be4 Qh2+ 39. Ke3 Qg1+ 40. Ke2 Qg2+ 41. Ke3 Qg1+ 42. Ke2 Nxg3+ 43. Bxg3 Qxg3 44. Bxd5+ cxd5 45. Qc8+ Kg7 46. Qd7+ Kh6 47. Qxd5 Qxh4 48. Qd6 b5 49. d5 Qd4 50. Qh2+ Kg5 51. Qg3+ Kf5 52. Qh3+ Ke5 53. Qe6+ Kf4 54. Qg4+ Ke5 55. Qxd4+ Kxd4 56. d6 Kc3 57. d7 a4 58.
bxa4 bxa4 59. d8=Q a3 60. Qxf6+ Kc2 61. Qc6+ Kb2 62. Kd2 a2 63. Qb5+ Ka3 64. Kc2 a1=N+ 65. Kc3 Nb3 66. Qxb3# 1-0

[Event "*** Titled Tuesday Blitz"]
[Site "Chess.com"]
[Date "2019.02.05"]
[Round "7"]
[White "ChristopherYoo"]
[Black "wonderfultime"]
[Result "1/2-1/2"]
[WhiteElo "2666"]
[BlackElo "2870"]
[TimeControl "180+2"]
[EndTime "14:41:27 PST"]
[Termination "Game drawn by agreement"]

1. e4 c5 2. Nf3 Nf6 3. Nc3 d5 4. e5 Nfd7 5. Nxd5 Nxe5 6. Nxe5 Qxd5 7. Bb5+ Nd7 8. Nxd7 Bxd7 9. Bxd7+ Qxd7 10. O-O e6 11.
b3 Rd8 12. d3 Qd5 13. Bb2 Be7 14. Qg4 Bf6 15. Bxf6 gxf6 16. f4 f5 17. Qh3 Rg8 18. Rae1 Rg6 19. Re5 Qc6 20. g3 Qb6 21. Rf2 Qa5 22.
Qxh7 Qxa2 23. Rxc5 Qa1+ 24. Kg2 Qf6 25. Qh5 Kf8 26.
Qf3 Qe7 27. Re5 Kg7 28. Rfe2 Qc7 29. c4 b6 30. b4 Qd6 31. c5 bxc5 32. bxc5 Qxd3 33.
Qxd3 Rxd3 34. Rc2 Kf6 35. c6 Rg8 36. Ra5 Rgd8 37. c7 Rc8 38. Rxa7 Ke7 39. h4 f6 40. h5 Rd7 41. h6 Ke8 42. Rb7 Rh7 43. Rb8 Kd7 44.
Rxc8 Kxc8 45. Rc6 Rxh6 46. Rxe6 Kxc7 47. Kf3 Kd7 48. Ra6 Ke7 49. Rb6 Kf7 50. Rb7+ Kg6 51. Kg2 Rh8 52. Rb2 Ra8 53. Re2 Kh5 54. Kh3 Ra1 55.
Re8 Rh1+ 56. Kg2 Rc1 57. Rh8+ Kg6 58. Rd8 Rc3 59. Kh3 Kh5 60. Rh8+ Kg6 61. Ra8 1/2-1/2

[Event "*** Titled Tuesday Blitz"]
[Site "Chess.com"]
[Date "2019.02.05"]
[Round "7"]
[White "charly871"]
[Black "PawnEatingZombie"]
[Result "1/2-1/2"]
[WhiteElo "2059"]
[BlackElo "2114"]
[TimeControl "180+2"]
[EndTime "14:41:27 PST"]
[Termination "Game drawn by stalemate"]

1. d4 d5 2. c4 e6 3. Nc3 Bb4 4. e3 Nf6 5. Ne2 dxc4 6. a3 Ba5 7. Bd2 O-O 8. Nf4 Bxc3 9. Bxc3 b5 10. a4 c6 11. Be2 Bb7 12. Bf3 Qc8 13. O-O a6 14. e4 Nbd7 15. Bb4 Re8 16. Qc2 e5 17. dxe5 Nxe5 18. Be2 c5 19. Bc3 Bxe4 20. Qc1 Qf5 21. axb5 axb5 22. Rxa8 Bxa8 23. h3 Ne4 24. Bxe5 Qxe5 25. Bf3 h6 26. Re1 Qd4 27. Qc2 f5 28.
Bh5 Rd8 29. Rd1 Qf6 30. Rxd8+ Qxd8 31. Bg6 Qd2 32. Qxd2 Nxd2 33. Bxf5 Be4 34. Be6+ Kh7 35. f3 Bc2 36. Kf2 g5 37. Nd5 Bd3 38. Nc7 b4 39.
Na6 Nb3 40. Ke3 Bf1 41. g3 Kg6 42. h4 Kf6 43. Bg8 Ke5 44. hxg5 hxg5 45. f4+ gxf4+ 46. gxf4+ Kf6 47. Bd5 Na5 48. Nxc5 b3 49. Ne4+ Ke7 50.
Nd2 Bd3 51. f5 Kd6 52. Bg8 Bxf5 53. Nxc4+ Nxc4+ 54. Bxc4 Bc2 55. Kd2 Kc5 56. Kc3 Bd1 57. Bxb3 Bxb3 58. Kxb3 Kb5 59. Kc3 Kc5 60. Kb3 Kb5 61. Ka3 Ka5 62. b4+ Kb5 63. Kb3 Kb6 64.
Kc3 Kb5 65. Kb3 Kb6 66. Ka4 Ka6 67. b5+ Kb6 68. Kb4 Kb7 69. Kc5 Kc7 70. b6+ Kb7 71.
Kb5 Kb8 72. Ka6 Ka8 73. Kb5 Kb7 74. Kc5 Kb8 75. Kc6 Kc8 76. Kd6 Kb7 77. Kc5 Kb8 78.
Kc6 Kc8 79. Kb5 Kb7 80. Ka5 Kb8 81. Ka6 Ka8 82. Kb5 Kb7 83. Kc5 Kb8 84. Kc6 Kc8 85.
b7+ Kb8 86. Kb6 1/2-1/2